 Dungeon Crawl Stone Soup version 0.22.0-6-g71bd7aa (console) character file.

305 removed the Slasher (level 6, -3/36 HPs)
             Began as a Deep Elf Abyssal Knight on Aug 14, 2018.
             Was a Believer of Lugonu.
             Killed by divine providence
             ... invoked by an orc priest
              (13 damage)
             ... on level 5 of the Dungeon.
             The game lasted 00:09:38 (6063 turns).

removed the Slasher (Deep Elf Abyssal Knight)       Turns: 6063, Time: 00:09:39

Health: -3/36      AC:  3    Str:  9    XL:     6   Next: 15%
Magic:  9/9        EV: 11    Int: 19    God:    Lugonu [**....]
Gold:   208        SH:  3    Dex: 14    Spells: 5/5 levels left

rFire    . . .     SeeInvis .   a - +1 falchion
rCold    . . .     Gourm    .   h - +0 buckler
rNeg     . . .     Faith    .   b - +0 leather armour
rPois    .         Spirit   .   (no helmet)
rElec    .         Reflect  .   (no cloak)
rCorr    .         Harm     .   (no gloves)
MR       .....                  (no boots)
Stlth    +.........             (no amulet)
HPRegen  0.12/turn              (no ring)
MPRegen  0.11/turn              (no ring)

@: no status effects
A: no striking features
a: Depart the Abyss, Bend Space, Renounce Religion


You were on level 5 of the Dungeon.
You worshipped Lugonu.
Lugonu was pleased with you.
You were hungry.

You visited 1 branch of the dungeon, and saw 5 of its levels.
You visited the Abyss 1 time.

You collected 208 gold pieces.

Inventory:

Hand Weapons
 a - a +1 falchion (weapon)
 m - a +0 dagger of protection
Armour
 b - a +0 leather armour (worn)
 d - a +0 shield
 h - a +0 buckler (worn)
Scrolls
 j - 3 scrolls of remove curse {unknown}
 l - 3 scrolls of amnesia {unknown}
 p - a scroll of random uselessness {unknown}
 s - a scroll of blinking {unknown}
 u - a scroll of magic mapping {unknown}
 w - 2 scrolls of noise {unknown}
 y - a scroll of enchant armour {unknown}
 E - a scroll of enchant weapon {unknown}
Potions
 o - 2 potions of flight
 q - a potion of haste
 r - a potion of agility
 v - a potion of lignification {unknown}
 B - a potion of might {unknown}
 C - a potion of curing {unknown}
 D - a potion of ambrosia {unknown}
Comestibles
 c - 3 rations
 F - 9 chunks of flesh


   Skills:
 - Level 2.4 Fighting
 - Level 6.0 Long Blades
 - Level 0.7 Armour
 + Level 2.4 Dodging
 - Level 2.0 Invocations


You had 5 spell levels left.
You didn't know any spells.
Your spell library was empty.

Dungeon Overview and Level Annotations

Branches:
Dungeon (5/15)
 Temple: D:4-7

Altars:
Dithmenos


Message History

You closely miss the orc.
The orc is heavily wounded.
You block the orc's attack.
You closely miss the orc.
The orc is heavily wounded.
The orc hits you with a mace.
You hit the orc.
The orc is almost dead.
You barely miss the orc.
The orc is almost dead.
The orc hits you but does no damage.
The orc priest mumbles some strange prayers to Beogh against you.
Beogh smites you!
* * * LOW HITPOINT WARNING * * *
You see here a falchion.
The orc priest calls upon Beogh to heal the orc.
The orc is healed somewhat.
The orc priest invokes the aid of Beogh against you.
Beogh smites you!
You die...

#.#
#.#
#.#
#.#
#.#
#.#
#.####
#.#
#....#
#.#
####.#
#.#
#.#
#.#
#.#
#.#
#.#
#@#
#.#
#o#
#.#
#.#
#.#
#)#
#<#
#o####
#.#
#.)..#
#.#
####.#
#.#
#.#
#.#
#.#


You could see an orc priest and an orc.

Vanquished Creatures
  An ogre (D:4)
  2 orc wizards
  A worker ant (D:4)
  5 adders
  An ooze (D:1)
  2 worms
  2 dart slugs
  A leopard gecko (D:1)
  3 orcs
  4 giant cockroaches
  7 hobgoblins
  12 jackals
  5 kobolds
  A quokka (D:4)
  A ball python (D:3)
  11 bats
  4 frilled lizards
  6 goblins
  A jackal skeleton (D:4)
  A quokka skeleton (D:4)
  9 rats
80 creatures vanquished.

Notes
Turn   | Place    | Note
-------+----------+-------------------------------------------
     0 | Abyss:1  | removed the Deep Elf Abyssal Knight began the quest for the Orb.
     0 | Abyss:1  | Reached XP level 1. HP: 13/13 MP: 4/4
     0 | D:1      | Escaped the Abyss
    27 | D:1      | Reached skill level 2 in Long Blades
   398 | D:1      | Reached XP level 2. HP: 6/18 MP: 5/5
   732 | D:1      | Reached * piety under Lugonu
  1148 | D:1      | Reached skill level 3 in Long Blades
  1369 | D:2      | Reached XP level 3. HP: 21/22 MP: 6/6
  3091 | D:3      | Reached skill level 4 in Long Blades
  3091 | D:3      | Reached XP level 4. HP: 11/27 MP: 7/7
  3623 | D:3      | Reached ** piety under Lugonu
  4180 | D:4      | Noticed an ogre
  4193 | D:4      | Reached skill level 5 in Long Blades
  4193 | D:4      | Reached XP level 5. HP: 24/31 MP: 8/8
  4704 | D:4      | Noticed an ogre
  5278 | D:4      | Found a shadowy altar of Dithmenos.
  5453 | D:4      | Killed an ogre
  5453 | D:4      | Reached XP level 6. HP: 13/36 MP: 9/9
  5945 | D:5      | Entered Level 5 of the Dungeon
  6025 | D:5      | Reached skill level 6 in Long Blades
  6063 | D:5      | Killed from afar by an orc priest

Skill      XL: |  1  2  3  4  5  6 |
---------------+-------------------+-----
Long Blades    | 2 3 4 5 6 |  6.0
Fighting       | |  2.4
Armour         | |  0.7
Dodging        | |  2.4
Invocations    | |  2.0

Action                   |  1- 3 |  4- 6 || total
-------------------------+-------+-------++-------
Melee: Falchion          |   161 |   211 ||   372
Invok: Depart the Abyss  |     1 |       ||     1
  Use: Scroll            |     3 |     1 ||     4
       Potion            |       |     2 ||     2
 Stab: Invisible         |       |     6 ||     6
  Eat: Chunk             |     7 |     6 ||    13
       Ration            |       |     1 ||     1
Armor: Leather armour    |    49 |    36 ||    85
Dodge: Dodged            |    93 |   120 ||   213
Block: Shield            |    15 |       ||    15
       Buckler           |    19 |    41 ||    60
       Rpst.: Falchion   |    23 |    39 ||    62
